 Dungeon Crawl Stone Soup version 0.31-a0-875-g02e7d12df6 (webtiles) character file.

Game seed: 14398954703376875955

81 IdlyInterested the Magician (level 4, -3/35 HPs)
             Began as a Demonspawn Wanderer on Oct 12, 2023.
             Slain by Terence
             ... wielding a +0 hand axe
              (7 damage)
             ... on level 3 of the Dungeon.
             The game lasted 00:09:00 (1713 turns).

IdlyInterested the Magician (Demonspawn Wanderer)   Turns: 1713, Time: 00:09:00

Health: -3/35      AC:  5    Str: 12    XL:     4   Next: 19%
Magic:  11/11      EV: 11    Int: 17    God:
Gold:   110        SH:  0    Dex: 11    Spells: 9/13 levels left

rFire   . . .        s - +0 quarterstaff
rCold   . . .        (shield currently unavailable)
rNeg    . . .        c - +0 robe
rPois   .            d - +0 helmet
rElec   .            (no cloak)
rCorr   .            (no gloves)
SInv    .            (no boots)
Will    .....        (no amulet)
Stlth   ++           (no ring)
HPRegen 0.25/turn    (no ring)
MPRegen 0.12/turn

%: no passive effects
@: mighty
A: yellow scales 1, spiny 1
a: no special abilities


You were on level 3 of the Dungeon.
You visited 1 branch of the dungeon, and saw 3 of its levels.

You collected 110 gold pieces.

Inventory:

Hand Weapons
 a - a +0 club
 h - a +0 short sword
 i - a +0 dagger
 s - a +0 quarterstaff (weapon)
 t - a +0 rapier
Missiles
 e - 19 stones
 j - 3 poisoned darts
Armour
 c - a +0 robe (worn)
 d - a +0 helmet (worn)
 n - a +0 tower shield
 p - a +0 ring mail
Magical Staves
 q - a staff of air
Jewellery
 k - a ring of ice
Scrolls
 b - 3 scrolls of blinking
 f - 2 scrolls of teleportation
 l - a scroll of amnesia
 m - a scroll of revelation
 u - a scroll of fear {unknown}
 v - a scroll of fog {unknown}
Potions
 o - a potion of lignification {unknown}
 r - a potion of curing {unknown}


   Skills:
 * Level 3.2 Fighting
 - Level 1.0 Throwing
 - Level 1.0 Armour
 - Level 1.0 Dodging
 - Level 2.0 Stealth
 - Level 5.0 Spellcasting
 - Level 1.1 Necromancy
 + Level 0.0 Evocations


You had 9 spell levels left.
You knew the following spells:

 Your Spells              Type           Power      Damage    Failure   Level
a - Apportation           Tloc           8%         N/A       14%         1
b - Magic Dart            Conj           16%        1d3       14%         1
c - Passwall              Tmut/Erth      3%         N/A       22%         2

Your spell library contained the following spells:

 Spells                   Type           Power      Damage    Failure   Level
 Sandblast                Erth           8%         2d5       14%         1
 Sublimation of Blood     Necr           8%         N/A       14%         2
 Cigotuvi's Dreadful Rot  Necr/Pois/Air  10%        N/A       19%         2
 Blink                    Tloc           8%         N/A       22%         2
 Momentum Strike          Conj/Tloc      8%         3d8       22%         2
 Stone Arrow              Conj/Erth      8%         3d7       38%         3
 Brom's Barrelling Bould  Conj/Erth      4%         2d3       80%         4


Dungeon Overview and Level Annotations

Branches:
Dungeon (3/15)

Altars:
Vehumet

Annotations:
D:3 Terence


Innate Abilities, Weirdness & Mutations

You are partially covered in yellow scales. (AC +2)
You are partially covered in sharp spines.


Message History

Terence closely misses you.
You sock Terence!
Terence is moderately wounded.
Terence barely misses you.
You barely miss Terence.
Terence is moderately wounded.
Terence barely misses you.
You barely miss Terence.
Terence is moderately wounded.
Terence is struck by your spines. Terence barely misses you.
You completely miss Terence.
Terence is heavily wounded.
Terence misses you. x2
You closely miss Terence.
Terence is heavily wounded.
Terence hits you but does no damage.
You closely miss Terence.
Terence is heavily wounded.
Terence hits you with a +0 hand axe.
You hit Terence but do no damage.
Terence is heavily wounded.
Terence closely misses you. Terence barely misses you.
You hit Terence but do no damage.
Terence is heavily wounded.
Terence is struck by your spines. Terence hits you with a +0 hand axe.
You barely miss Terence.
Terence is severely wounded.
Terence hits you with a +0 hand axe!
You closely miss Terence.
Terence is severely wounded.
Terence hits you with a +0 hand axe. x2
* * * LOW HITPOINT WARNING * * *
You hit Terence.
Terence is severely wounded.
Terence hits you with a +0 hand axe.
* * * LOW HITPOINT WARNING * * *
It was a potion of might.
You feel very mighty all of a sudden. Terence hits you with a +0 hand axe!
You die...

.. ....#.. .
..#############..... (.
...#...#...##...... .$.
##..........#..$..# ....
##....<†..........#.....
.#......................
.................##.....
..#...<........#@# ...
#.#....#....#.<#@# .
#....#####.##...........
...##### #.##.###.......
........# .##. ....##.
........# #. $....#
.##...... #. ...[... ##
#....# .. ..(.... #
....# .# ........≈. #
..... #≈.######


You could see Terence.

Vanquished Creatures
  2 adders
  3 dart slugs
  2 worms
  5 bats
  4 endoplasms (D:1)
  3 giant cockroaches (D:1)
  6 hobgoblins
  7 jackals (D:2)
  3 quokkas
  3 ball pythons
  2 frilled lizards (D:2)
  2 goblins
  3 kobolds (D:1)
  3 rats
48 creatures vanquished.

Notes
Turn   | Place    | Note
-------+----------+-------------------------------------------
     0 | D:1      | IdlyInterested the Demonspawn Wanderer began the quest for
                  | the Orb.
     0 | D:1      | IdlyInterested set off with the following items: a +0 club,
                  | a scroll of blinking, a +0 robe, a +0 helmet; and the
                  | following spells available to memorise: Apportation, Magic
                  | Dart, Sublimation of Blood, Cigotuvi's Dreadful Rot, Blink,
                  | Momentum Strike.
     0 | D:1      | Reached XP level 1. HP: 13/13 MP: 6/6
     2 | D:1      | Learned a level 1 spell: Apportation
     4 | D:1      | Learned a level 1 spell: Magic Dart
   193 | D:1      | Reached skill level 1 in Fighting
   210 | D:1      | Gained mutation: You are partially covered in sharp spines.
                  | [demonic ancestry]
   210 | D:1      | Reached XP level 2. HP: 9/21 MP: 2/8
   518 | D:1      | Reached skill level 1 in Throwing
   518 | D:1      | Gained mutation: You are partially covered in yellow
                  | scales. (AC +2) [demonic ancestry]
   518 | D:1      | Reached XP level 3. HP: 25/27 MP: 9/9
   545 | D:1      | Found a faded altar of an unknown god.
   793 | D:2      | Learned a level 2 spell: Passwall
  1187 | D:2      | Found a radiant altar of Vehumet.
  1629 | D:3      | Reached XP level 4. HP: 23/35 MP: 6/11
  1691 | D:3      | Noticed Terence
  1699 | D:3      | Reached skill level 1 in Dodging
  1713 | D:3      | Slain by Terence

Illustrated notes

Levels and vault maps discovered:
D:1:      dpeg_arrival_water_temple_mockup, layout_basic, basic_ecumenical_altar
D:2:      layout_loops_cross, basic_altar, wander_ebering_terrifying_dragon_lair
D:3:      wander_river, layout_rooms, nicolae_overflow_squiral, uniq_terence

Skill      XL: |  1  2  3  4 |
---------------+-------------+-----
Fighting       | 1 2 3 |  3.2
Stealth        | 2 |  2.0
Throwing       | 1 |  1.0
Dodging        | 1 |  1.0
Armour         | |  1.0
Spellcasting   | |  5.0
Necromancy     | |  1.1

Action                     |  1- 3 |  4- 6 || total
---------------------------+-------+-------++-------
  Melee: Short sword       |    84 |       ||    84
         Club              |     9 |       ||     9
         Quarterstaff      |    13 |    16 ||    29
   Cast: Magic Dart        |    42 |     4 ||    46
         Apportation       |     1 |       ||     1
    Use: Scroll            |     3 |       ||     3
         Potion            |       |     1 ||     1
   Stab: Sleeping          |     4 |       ||     4
 Armour: Robe              |    37 |    10 ||    47
  Dodge: Dodged            |    57 |     9 ||    66

Table legend: (Time is in decaauts)
 A = Elapsed time spent in this place.
 B = Non-inter-level travel time spent in this place.
 C = Inter-level travel time spent in this place.
 D = Time resting spent in this place.
 E = Time spent auto-exploring this place.
 F = Levels seen in this place.
 G = Mean time per level.
                   A        B        C        D        E       F      G
               +--------+--------+--------+--------+--------+-----+--------+
         Total |   1725 |   1536 |    189 |    165 |    840 |   3 |  575.0 |
       Dungeon |   1725 |   1536 |    189 |    165 |    840 |   3 |  575.0 |
               +--------+--------+--------+--------+--------+-----+--------+

Top non-repeatable levels by time:
     D:2: 958 daAuts
     D:1: 665 daAuts
     D:3: 101 daAuts
